 Dungeon Crawl Stone Soup version 0.29.0-4-gdea44cf6ec (webtiles) character file.

Game seed: 7342315882269932282

6061 qw the Grappler (level 10, 0/96 HPs)
             Began as a Troll Cinder Acolyte on Aug 31, 2022.
             Was a Believer of Ignis.
             Slain by an orc
             ... wielding a +0 hand axe
              (1 damage)
             ... on level 9 of the Dungeon.
             The game lasted 00:03:30 (7240 turns).

qw the Grappler (Troll Cinder Acolyte)              Turns: 7240, Time: 00:03:31

Health: 0/96       AC: 11    Str: 28    XL:     10   Next: 57%
Magic:  10/10      EV: 13    Int: 10    God:    Ignis [**....]
Gold:   445        SH:  5    Dex:  5    Spells: 11/11 levels left

rFire   + + .      SeeInvis .     - Unarmed
rCold   + . .      Faith    .   (no shield)
rNeg    . . .      Spirit   .   a - +0 robe
rPois   .          Reflect  +   (helmet restricted)
rElec   .          Harm     .   j - scarf {rC+ rF+}
rCorr   .          Rampage  .   (gloves unavailable)
Will    +....                   (boots unavailable)
Stlth   +.........              f - amulet of reflection
HPRegen 1.06/turn               d - +4 ring of evasion
MPRegen 0.12/turn               b - ring of willpower

@: lethally poisoned (0 -> -6), about to teleport, fiery-armoured, slowed, very
slow
A: large, unfitting armour, claws 3, regeneration 1, shaggy fur 1, tough skin 1
a: Renounce Religion, Fiery Armour, Foxfire Swarm, Rising Flame


You were on level 9 of the Dungeon.
You worshipped Ignis.
Ignis was pleased with you.
You visited 1 branch of the dungeon, and saw 9 of its levels.

You collected 445 gold pieces.


Innate Abilities, Weirdness & Mutations

You are too large for most types of armour.
You have claws for hands.
Your natural rate of healing is unusually fast.
You are covered in fur. (AC +1)
You have tough skin. (AC +1)


   Skills:
 - Level 5.0 Fighting
 - Level 5.8 Throwing
 - Level 1.9 Dodging
 + Level 13.6 Unarmed Combat
 - Level 1.0 Spellcasting
 - Level 2.1 Fire Magic


You had 11 spell levels left.
You didn't know any spells.
Your spell library contained the following spells:

 Spells                   Type           Power      Damage    Failure   Level
 Scorch                   Fire           8%         2d5       22%         2

Inventory:

Missiles
 e - 3 large rocks (quivered)
 n - 4 boomerangs
Armour
 a - a +0 robe (worn)
 c - a +1 cloak
 j - a scarf of resistance (worn)
Jewellery
 b - a ring of willpower (right claw)
 d - a +4 ring of evasion (left claw)
 f - an amulet of reflection (around neck)
 p - a ring of protection from cold
 q - the amulet of Elemental Vulnerability {rPois rF-- rC-- AC+8}
   (You found it on level 7 of the Dungeon)

   [amulet of nothing]

   AC:        It affects your AC (+8).
   rF:        It makes you very vulnerable to fire.
   rC:        It makes you very vulnerable to cold.
   rPois:     It protects you from poison.
Scrolls
 g - 5 scrolls of identify
 l - 3 scrolls of enchant armour
Potions
 h - a potion of heal wounds
 k - 2 potions of curing
 m - a potion of resistance

Dungeon Overview and Level Annotations

Branches:
Dungeon (9/15)             Temple (0/1) D:4
   Lair: D:8-11         Orc: D:9-12

Altars:
Elyvilon
Hepliaklqana

Portals:
Abyss: D:5

Annotations:
D:5 2 transporters, qw's ghost, novice TrCA
D:7 2 transporters


Message History

The hornet stings you.
You feel as though you will be slow longer.
The kobold hits you but does no damage.
The kobold is burned by your cloak of flames.
You kill the kobold!
The kobold brigand hits you with a +0 dagger.
The kobold brigand is burned by your cloak of flames.
The kobold brigand is almost dead.
The orc barely misses you. You block the hornet's attack.
You barely miss the kobold brigand.
The kobold brigand is almost dead.
You feel very sick. The hornet stings you!
You suddenly lose the ability to move!
The hornet is burned by your cloak of flames.
The hornet is lightly wounded.
The kobold brigand hits you but does no damage.
The kobold brigand is burned by your cloak of flames.
You kill the kobold brigand!
The kobold hits you but does no damage.
The kobold is burned by your cloak of flames.
The kobold is moderately wounded.
The orc hits you from afar with a +0 trident.
You can move again.
7240 ||| READING scroll of teleportation.
As you read the scroll of teleportation, it crumbles to dust.
You feel strangely unstable.
You feel extremely sick. The hornet stings you!
You feel as though you will be slow longer.
The hornet is burned by your cloak of flames.
The hornet is moderately wounded.
The kobold hits you but does no damage.
The kobold is burned by your cloak of flames.
You kill the kobold!
A troll comes into view.
You block the orc's attack. The orc hits you with a +0 hand axe.
The orc is burned by your cloak of flames.
The orc is moderately wounded.
You block the hornet's attack. The orc hits you with a +0 hand axe.
You die...

#............##
...............#
.#.............###
.................#
T...............##
................#
.............#..#
....o.......##..#
.....oy@...##...#
......o))..<# ..#
..##....##.....##
#..(#########.#
#.(.. ...... .....
..##.


You could see a troll (wandering), a hornet and 3 orcs.

Vanquished Creatures
  2 two-headed ogres
  A manticore (D:7)
  Joseph (D:7)
  A wyvern (D:8)
  3 yaks (D:8)
  A wraith (D:7)
  An acid dragon (D:8)
  A water moccasin (D:6)
  2 orc warriors (D:8)
  A black bear (D:7)
  2 ogres
  A centaur (D:7)
  A phantom (D:6)
  3 kobold brigands
  3 bullfrogs
  3 necrophages
  A gnoll sergeant (D:8)
  2 scorpions
  4 wights (D:7)
  14 killer bees
  A gnoll bouda (D:5)
  8 orc priests (D:8)
  3 hounds
  3 jellies
  4 iguanas
  5 orc wizards
  19 gnolls
  6 adders
  3 white imps
  2 worms
  A dart slug (D:2)
  22 orcs
  5 bats
  6 endoplasms
  3 giant cockroaches
  10 hobgoblins
  10 jackals
  5 quokkas
  7 ball pythons
  6 frilled lizards
  6 goblins
  12 kobolds
  7 rats
202 creatures vanquished.

Vanquished Creatures (others)
  4 plants (D:2)
4 creatures vanquished.

Grand Total: 206 creatures vanquished

Notes
Turn   | Place    | Note
-------+----------+-------------------------------------------
     0 | D:1      | qw the Troll Cinder Acolyte began the quest for the Orb.
     0 | D:1      | Reached XP level 1. HP: 22/22 MP: 1/1
     0 | D:1      | 0 ||| qw: Version: 0.1-a-97-g2dd2ca4
     0 | D:1      | 0 ||| qw: Game counter: 4608
     0 | D:1      | 0 ||| qw: Always use a shield: true
     0 | D:1      | 0 ||| qw: God list: Okawaru
     0 | D:1      | 0 ||| qw: Allow faded altars: false
     0 | D:1      | 0 ||| qw: Do Orc after D:15 true
     0 | D:1      | 0 ||| qw: Do second Lair branch before Depths: true
     0 | D:1      | 0 ||| qw: Lair rune preference: random
     0 | D:1      | 0 ||| qw: Plans: Normal
     0 | D:1      | 0 ||| PLANNING D:1-11
   240 | D:1      | 240 ||| Stepping ~*~*~tactically~*~*~ (stealth).
   241 | D:1      | 241 ||| Stepping ~*~*~tactically~*~*~ (stealth).
   320 | D:1      | 320 ||| Stepping ~*~*~tactically~*~*~ (outnumbered).
   321 | D:1      | 321 ||| Stepping ~*~*~tactically~*~*~ (outnumbered).
   322 | D:1      | 322 ||| Stepping ~*~*~tactically~*~*~ (outnumbered).
   324 | D:1      | 324 ||| Stepping ~*~*~tactically~*~*~ (outnumbered).
   326 | D:1      | Reached XP level 2. HP: 26/29 MP: 2/2
   326 | D:1      | 326 ||| Stepping ~*~*~tactically~*~*~ (outnumbered).
   327 | D:1      | 327 ||| Stepping ~*~*~tactically~*~*~ (outnumbered).
   328 | D:1      | 328 ||| Stepping ~*~*~tactically~*~*~ (outnumbered).
   329 | D:1      | 329 ||| Stepping ~*~*~tactically~*~*~ (outnumbered).
   330 | D:1      | 330 ||| Stepping ~*~*~tactically~*~*~ (outnumbered).
   331 | D:1      | 331 ||| Stepping ~*~*~tactically~*~*~ (outnumbered).
   332 | D:1      | 332 ||| Stepping ~*~*~tactically~*~*~ (outnumbered).
   333 | D:1      | 333 ||| Stepping ~*~*~tactically~*~*~ (outnumbered).
   334 | D:1      | 334 ||| Stepping ~*~*~tactically~*~*~ (outnumbered).
   335 | D:1      | 335 ||| Stepping ~*~*~tactically~*~*~ (outnumbered).
   802 | D:1      | Reached skill level 1 in Throwing
   809 | D:1      | Found a faded altar of an unknown god.
  1066 | D:1      | 1066 ||| UPGRADING to +4 ring of evasion.
  1067 | D:1      | 1067 ||| READING scroll labelled TEFADUI BESK.
  1068 | D:1      | 1068 ||| READING scroll labelled VIJICS ONIJOA.
  1069 | D:1      | 1069 ||| READING scroll labelled AZISTI VAINNE.
  1140 | D:2      | 1140 ||| Stepping ~*~*~tactically~*~*~ (stealth).
  1146 | D:2      | 1146 ||| Stepping ~*~*~tactically~*~*~ (stealth).
  1147 | D:2      | 1147 ||| Stepping ~*~*~tactically~*~*~ (stealth).
  1163 | D:2      | Reached skill level 4 in Unarmed Combat
  1163 | D:2      | Reached XP level 3. HP: 28/36 MP: 3/3
  1164 | D:2      | 1164 ||| Stepping ~*~*~tactically~*~*~ (stealth).
  1165 | D:2      | 1165 ||| Stepping ~*~*~tactically~*~*~ (stealth).
  1168 | D:2      | 1168 ||| FLEEEEING.
  1171 | D:2      | 1171 ||| Stepping ~*~*~tactically~*~*~ (hiding).
  1288 | D:2      | 1288 ||| Stepping ~*~*~tactically~*~*~ (stealth).
  1294 | D:2      | 1294 ||| Stepping ~*~*~tactically~*~*~ (stealth).
  1339 | D:2      | 1339 ||| Stepping ~*~*~tactically~*~*~ (hiding).
  1590 | D:2      | Reached XP level 4. HP: 44/44 MP: 4/4
  1866 | D:2      | 1866 ||| READING scroll labelled MYORROXTOJU.
  1867 | D:2      | 1867 ||| READING scroll labelled TUIQIY KIJEGAJI.
  1868 | D:2      | 1868 ||| READING scroll labelled RUGEMO TAIKEO.
  1869 | D:2      | 1869 ||| DRINKING 2 sedimented amethyst potions.
  1870 | D:2      | 1870 ||| DROPPING potion of attraction.
  1900 | D:3      | 1900 ||| STAIRDANCE
  1906 | D:3      | 1906 ||| STAIRDANCE
  1915 | D:2      | Reached skill level 5 in Unarmed Combat
  1937 | D:3      | 1937 ||| Stepping ~*~*~tactically~*~*~ (stealth).
  1938 | D:3      | 1938 ||| Stepping ~*~*~tactically~*~*~ (stealth).
  1947 | D:3      | 1947 ||| Stepping ~*~*~tactically~*~*~ (stealth).
  1949 | D:3      | 1949 ||| Stepping ~*~*~tactically~*~*~ (stealth).
  2005 | D:3      | 2005 ||| Stepping ~*~*~tactically~*~*~ (stealth).
  2120 | D:3      | Reached XP level 5. HP: 50/50 MP: 5/5
  2121 | D:3      | 2121 ||| Stepping ~*~*~tactically~*~*~ (stealth).
  2122 | D:3      | 2122 ||| Stepping ~*~*~tactically~*~*~ (stealth).
  2131 | D:3      | Found a white marble altar of Elyvilon.
  2132 | D:3      | Found a hazy altar of Hepliaklqana.
  2133 | D:3      | 2133 ||| Stepping ~*~*~tactically~*~*~ (stealth).
  2587 | D:3      | Reached skill level 6 in Unarmed Combat
  2620 | D:3      | 2620 ||| UPGRADING to scarf of resistance.
  2625 | D:3      | 2625 ||| READING 3 scrolls labelled DAOSCH DANUMOTE.
  2629 | D:3      | 2629 ||| READING scroll labelled FUIRIA NISSIE.
  2789 | D:4      | 2789 ||| Stepping ~*~*~tactically~*~*~ (hiding).
  2793 | D:4      | 2793 ||| INVOKING Fiery Armour.
  2807 | D:4      | Reached XP level 6. HP: 51/59 MP: 6/6
  2831 | D:4      | Found a staircase to the Ecumenical Temple.
  2833 | D:4      | 2833 ||| READING scroll labelled NEDIEDW TITWI.
  2834 | D:4      | 2834 ||| READING 2 scrolls of teleportation.
  2836 | D:4      | 2836 ||| FLEEEEING.
  2952 | D:4      | 2952 ||| Stepping ~*~*~tactically~*~*~ (stealth).
  2954 | D:4      | 2954 ||| Stepping ~*~*~tactically~*~*~ (stealth).
  3037 | D:4      | 3037 ||| INVOKING Fiery Armour.
  3175 | D:4      | 3175 ||| READING scroll labelled HEZI ATEAPS.
  3292 | D:5      | Entered Level 5 of the Dungeon
  3323 | D:5      | Reached skill level 7 in Unarmed Combat
  3376 | D:5      | Found a transporter.
  3376 | D:5      | Noticed qw's ghost (novice TrCA)
  3419 | D:5      | Found a transporter.
  3444 | D:5      | Found a one-way gate to the infinite horrors of the Abyss.
  3573 | D:5      | Reached XP level 7. HP: 46/66 MP: 7/7
  3672 | D:5      | 3672 ||| Stepping ~*~*~tactically~*~*~ (hiding).
  3677 | D:5      | 3677 ||| Stepping ~*~*~tactically~*~*~ (stealth).
  3698 | D:5      | Reached skill level 8 in Unarmed Combat
  3998 | D:5      | Reached skill level 3 in Fighting
  4047 | D:5      | 4047 ||| UPGRADING to ring of willpower.
  4048 | D:5      | 4048 ||| READING 3 scrolls of identify.
  4048 | D:5      | 4048 ||| IDENTIFYING silvery potion
  4049 | D:5      | 4049 ||| READING 2 scrolls of identify.
  4049 | D:5      | 4049 ||| IDENTIFYING golden potion
  4050 | D:5      | 4050 ||| DROPPING potion of ambrosia.
  4051 | D:5      | 4051 ||| DROPPING potion of flight.
  4128 | D:6      | Noticed a two-headed ogre
  4137 | D:6      | 4137 ||| INVOKING Fiery Armour.
  4141 | D:6      | HP: 2/67 [two-headed ogre/+0 giant club (17)]
  4141 | D:6      | Killed a two-headed ogre
  4142 | D:6      | Reached XP level 8. HP: 2/75 MP: 8/8
  4186 | D:6      | 4186 ||| FLEEEEING.
  4187 | D:6      | 4187 ||| FLEEEEING.
  4188 | D:6      | 4188 ||| FLEEEEING.
  4189 | D:6      | 4189 ||| STAIRDANCE
  4213 | D:5      | 4213 ||| READING scroll labelled VEEPSE JOSEEH.
  4214 | D:5      | 4214 ||| READING 2 scrolls of identify.
  4214 | D:5      | 4214 ||| IDENTIFYING clear potion
  4215 | D:5      | 4215 ||| DROPPING potion of brilliance.
  4361 | D:6      | Reached skill level 9 in Unarmed Combat
  4373 | D:6      | Reached skill level 1 in Dodging
  4670 | D:6      | 4670 ||| UPGRADING to amulet of reflection.
  4675 | D:6      | 4675 ||| DRINKING 2 red potions.
  4707 | D:7      | Reached XP level 9. HP: 52/81 MP: 9/9
  4707 | D:7      | 4707 ||| STAIRDANCE
  4752 | D:7      | 4752 ||| Stepping ~*~*~tactically~*~*~ (hiding).
  4754 | D:7      | 4754 ||| Stepping ~*~*~tactically~*~*~ (hiding).
  4806 | D:7      | Identified the +11 plate armour of Xibuogux {rC+ Int+2
                  | Slay+3}
  4826 | D:7      | Noticed Joseph
  4832 | D:7      | 4832 ||| INVOKING Fiery Armour.
  4837 | D:7      | Killed Joseph
  4838 | D:7      | Reached skill level 10 in Unarmed Combat
  4896 | D:7      | 4896 ||| Stepping ~*~*~tactically~*~*~ (hiding).
  4897 | D:7      | 4897 ||| Stepping ~*~*~tactically~*~*~ (hiding).
  4914 | D:7      | Noticed a manticore
  4921 | D:7      | Killed a manticore
  5115 | D:7      | Found the amulet of Elemental Vulnerability {rPois rF--
                  | rC-- AC+8}
  5143 | D:7      | Found a transporter.
  5186 | D:7      | 5186 ||| Stepping ~*~*~tactically~*~*~ (stealth).
  5187 | D:7      | 5187 ||| Stepping ~*~*~tactically~*~*~ (stealth).
  5189 | D:7      | 5189 ||| Stepping ~*~*~tactically~*~*~ (hiding).
  5190 | D:7      | 5190 ||| Stepping ~*~*~tactically~*~*~ (hiding).
  5330 | D:7      | Found a transporter.
  5446 | D:7      | 5446 ||| READING scroll labelled FOYVUTONW ZAURCH.
  5447 | D:7      | 5447 ||| READING 5 scrolls of identify.
  5447 | D:7      | 5447 ||| IDENTIFYING orange potion
  5448 | D:7      | 5448 ||| DROPPING potion of invisibility.
  5449 | D:7      | 5449 ||| READING 5 scrolls of teleportation.
  5494 | D:8      | 5494 ||| Stepping ~*~*~tactically~*~*~ (hiding).
  5502 | D:8      | 5502 ||| Stepping ~*~*~tactically~*~*~ (outnumbered).
  5516 | D:8      | Reached skill level 11 in Unarmed Combat
  5554 | D:8      | 5554 ||| Stepping ~*~*~tactically~*~*~ (stealth).
  5555 | D:8      | 5555 ||| Stepping ~*~*~tactically~*~*~ (stealth).
  5557 | D:8      | 5557 ||| Stepping ~*~*~tactically~*~*~ (stealth).
  5571 | D:8      | 5571 ||| INVOKING Fiery Armour.
  5576 | D:8      | HP: 22/88 [poisoned by a killer bee]
  5577 | D:8      | 5577 ||| READING 4 scrolls of teleportation.
  5581 | D:8      | HP: 15/88 [poisoned by a killer bee]
  5582 | D:8      | 5582 ||| READING 3 scrolls of teleportation.
  5587 | D:8      | 5587 ||| READING 2 scrolls of teleportation.
  5587 | D:8      | HP: 15/88 [orc/+0 short sword (3)]
  5739 | D:8      | 5739 ||| Stepping ~*~*~tactically~*~*~ (stealth).
  5742 | D:8      | 5742 ||| INVOKING Fiery Armour.
  5786 | D:8      | Reached XP level 10. HP: 93/96 MP: 10/10
  5834 | D:8      | Found the +7 staff of the Meek {protect, meekguard}
  5835 | D:8      | 5835 ||| Stepping ~*~*~tactically~*~*~ (hiding).
  5841 | D:8      | 5841 ||| Stepping ~*~*~tactically~*~*~ (outnumbered).
  5847 | D:8      | 5847 ||| INVOKING Fiery Armour.
  5866 | D:8      | Reached skill level 12 in Unarmed Combat
  5903 | D:8      | 5903 ||| Stepping ~*~*~tactically~*~*~ (stealth).
  6004 | D:8      | 6004 ||| Stepping ~*~*~tactically~*~*~ (stealth).
  6110 | D:8      | 6110 ||| Stepping ~*~*~tactically~*~*~ (stealth).
  6483 | D:8      | 6483 ||| Stepping ~*~*~tactically~*~*~ (outnumbered).
  6722 | D:8      | 6722 ||| READING 6 scrolls of identify.
  6722 | D:8      | 6722 ||| IDENTIFYING fizzy green potion
  6957 | D:9      | 6957 ||| Stepping ~*~*~tactically~*~*~ (hiding).
  6961 | D:9      | 6961 ||| Stepping ~*~*~tactically~*~*~ (outnumbered).
  7075 | D:9      | 7075 ||| INVOKING Fiery Armour.
  7076 | D:9      | Reached skill level 13 in Unarmed Combat
  7201 | D:9      | Noticed a two-headed ogre
  7202 | D:9      | 7202 ||| Stepping ~*~*~tactically~*~*~ (stealth).
  7206 | D:9      | Killed a two-headed ogre
  7228 | D:9      | 7228 ||| Stepping ~*~*~tactically~*~*~ (stealth).
  7235 | D:9      | 7235 ||| INVOKING Fiery Armour.
  7239 | D:9      | HP: 24/96 [hornet (9)]
  7239 | D:9      | Paralysed by a hornet for 1 turns
  7240 | D:9      | 7240 ||| READING scroll of teleportation.
  7240 | D:9      | HP: 7/96 [hornet (10)]
  7240 | D:9      | HP: 1/96 [orc/+0 hand axe (6)]
  7240 | D:9      | Slain by an orc

Levels and vault maps discovered:
D:1:      lightli_arrival_isolated_outpost, layout_basic,
          hellmonk_ecumenical_altar_inner_sanctum
D:2:      layout_basic, nicolae_grassy_gnolls
D:3:      layout_basic, chequers_temple_overflow_statue_of_worship
D:4:      layout_basic, minmay_temple_entry_slanted, dreamdust_wishing_well
D:5:      layout_basic, gammafunk_ghost_abyssal_escape
D:6:      layout_rooms, minmay_misc_feat_enclosed
D:7:      gammafunk_cloud_chamber, layout_rooms, uniq_joseph
D:8:      layout_basic, dk_noncrumbling_2, pf_guarded_unrand_meek
D:9:      layout_layer_cave, orc_david_3, minmay_holes

Skill      XL: |  1  2  3  4  5  6  7  8  9 10 |
---------------+-------------------------------+-----
Throwing       | 1 2 5 |  5.8
Unarmed Combat | 4 5 6 7 8 9 11 13 | 13.6
Fighting       | 3 5 |  5.0
Dodging        | 1 |  1.9
Spellcasting   | |  1.0
Fire Magic     | |  2.1

Action                   |  1- 3 |  4- 6 |  7- 9 | 10-12 || total
-------------------------+-------+-------+-------+-------++-------
Melee: Unarmed           |    91 |   142 |   172 |   105 ||   510
       Punch             |     3 |     3 |     5 |     5 ||    16
Throw: Large rock        |    15 |    50 |    24 |    19 ||   108
       Boomerang         |       |       |       |     3 ||     3
Invok: Fiery Armour      |       |     2 |     4 |     3 ||     9
  Use: Scroll            |     3 |     8 |    10 |     2 ||    23
       Potion            |       |     1 |     1 |       ||     2
Armor: Robe              |    35 |    33 |    33 |    23 ||   124
Dodge: Dodged            |    35 |    82 |    99 |    54 ||   270
Block: Other             |       |       |    20 |    29 ||    49
       Reflection        |       |       |     1 |       ||     1

Table legend:
 A = Non-vault XP
 B = Vault XP
 C = Vault XP percentage of total XP
 D = Non-vault monster count
 E = Vault monster count
 F = Vault count percentage of total count
                 A         B        C        D         E       F
            +---------+---------+-------+---------+---------+-------
      Total |    7657 |    1004 |  11.6 |     186 |      16 |   7.9
            +---------+---------+-------+---------+---------+-------
        D:1 |      38 |       0 |   0.0 |      24 |       0 |   0.0
        D:2 |      61 |      41 |  40.2 |      20 |       3 |  13.0
        D:3 |     137 |       0 |   0.0 |      21 |       0 |   0.0
        D:4 |     246 |      14 |   5.4 |      19 |       1 |   5.0
        D:5 |     495 |       0 |   0.0 |      23 |       0 |   0.0
        D:6 |    1459 |       0 |   0.0 |       8 |       0 |   0.0
        D:7 |    1587 |     430 |  21.3 |      16 |       1 |   5.9
        D:8 |    2414 |     516 |  17.6 |      41 |      10 |  19.6
        D:9 |    1220 |       3 |   0.2 |      14 |       1 |   6.7
            +---------+---------+-------+---------+---------+-------
